 Dungeon Crawl Stone Soup version 0.31-a0-202-g547052bce9 (webtiles) character file.

Game seed: 7439232120996160100

36617 qw the Markself (level 13, -8/84 HPs)
             Began as a Deep Elf Hunter on June 26, 2023.
             Was an Elder of Okawaru.
             Mangled by a skyshark (9 damage)
             ... on level 5 of the Lair of Beasts.
             The game lasted 00:08:01 (12872 turns).

qw the Markself (Deep Elf Hunter)                  Turns: 12872, Time: 00:08:02

Health: -8/84      AC: 19    Str: 10    XL:     13   Next: 54%
Magic:  22/22      EV: 25    Int: 16    God:    Okawaru [****..]
Gold:   982        SH:  0    Dex: 17    Spells: 12/12 levels left

rFire   . . .        Y - +3 orcbow (freeze)
rCold   + . .        (shield currently unavailable)
rNeg    . . .        q - +3 ring mail {rC+}
rPois   +            p - +2 helmet "Keunacre" {rElec Regen+ rCorr Dex-3}
rElec   +            (no cloak)
rCorr   +            e - +0 pair of gloves
SInv    .            t - +2 pair of boots
Will    +....        m - amulet "Keschymukk" {RegenMP Rampage Fly}
Stlth   +++          d - +5 ring of evasion
HPRegen 1.14/turn    k - ring of poison resistance
MPRegen 0.58/turn

%: rampage
@: lethally poisoned (-8 -> -15), about to teleport, heroic, flying
A: no striking features
a: Renounce Religion, Heroism, Finesse


You were on level 5 of the Lair of Beasts.
You worshipped Okawaru.
Okawaru was greatly pleased with you.
You visited 3 branches of the dungeon, and saw 16 of its levels.
You also visited: Ossuary.

You collected 1190 gold pieces.
You spent 208 gold pieces at shops.


   Skills:
 - Level 11.0(16.0) Fighting
 - Level 16.0(21.0) Ranged Weapons
 - Level 6.0(11.0) Armour
 + Level 13.6(18.6) Dodging
 - Level 1.2(6.2) Stealth
 - Level 10.0 Invocations


You had 12 spell levels left.
You didn't know any spells.
Your spell library was empty.

Inventory:

Hand Weapons
 Y - a +3 orcbow of freezing (weapon)
Armour
 b - the +0 ring mail of Abstinence {rC- rN+ Will+ Regen+}
   (You bought it in a shop on level 5 of the Dungeon)

   rC:        It makes you vulnerable to cold.
   rN:        It protects you from negative energy.
   Regen:     It increases your rate of health regeneration.
   Will:      It increases your willpower.
 e - a +0 pair of gloves (worn)
 p - the +2 helmet "Keunacre" (worn) {rElec Regen+ rCorr Dex-3}
   (You took it off Robin on level 3 of the Dungeon)

   Dex:       It affects your dexterity (-3).
   rElec:     It insulates you from electricity.
   Regen:     It increases your rate of health regeneration.
   rCorr:     It protects you from acid and corrosion.
 q - a +3 ring mail of cold resistance (worn)
 t - a +2 pair of boots (worn)
 w - a +0 helmet of see invisible
Jewellery
 d - a +5 ring of evasion (left hand)
 k - a ring of poison resistance (right hand)
 m - the amulet "Keschymukk" (around neck) {RegenMP Rampage Fly}
   (You found it on level 4 of the Dungeon)

   [amulet of magic regeneration]

   It increases your rate of magic regeneration.
   Fly:       It grants you flight.
   Rampage:   It bestows one free step when moving towards enemies.
 v - a +4 ring of protection
Scrolls
 a - 4 scrolls of teleportation
 g - a scroll of identify
Potions
 c - a potion of degeneration {unknown}
 f - 2 potions of curing
 h - a potion of cancellation
 j - 2 potions of might
 n - 2 potions of enlightenment
 o - a potion of mutation
 r - a potion of resistance
 s - 2 potions of haste

Dungeon Overview and Level Annotations

Branches:
Dungeon (10/15)            Temple (1/1) D:6            Lair (5/5) D:10
 Shoals (0/4) Lair:3        Snake (0/4) Lair:2          Orc (0/2) D:9
Ossuary (visited)
  Slime: Lair:4-5

Altars:
Ashenzari
Cheibriados
Dithmenos
Elyvilon
Fedhas
Gozag
Hepliaklqana
Kikubaaqudgha
Makhleb
Nemelex Xobeh
Okawaru
Qazlal
Ru
Sif Muna
Trog
Uskayaw
Vehumet
Wu Jian
Xom
Yredelemnul
Zin
The Shining One

Shops:
D:5 ?*

Annotations:
D:3 1 runed translucent door, qw's ghost, amateur DEHu


Message History

The vampire mosquito bites the plant.
The bullfrog hits the plant.
The cane toad barely misses you. The cane toad misses you. x2
The cane toad stings you but does no damage.
The bullfrog hits the plant.
A vampire mosquito comes into view.
The cane toad stings you.
You are poisoned.
The cane toad poisons you!
The bullfrog hits the plant.
You hear a croak.
You shoot an arrow.
The arrow closely misses the tyrant leech.
The arrow hits the blink frog!
The blink frog seems to slow down.
The arrow freezes the blink frog.
The blink frog is severely wounded.
You feel very sick.
You hear a loud, deep croak!
The blink frog is no longer moving slowly.
The cane toad is no longer moving slowly.
The blink frog hits the plant.
The blink frog blinks!
The cane toad closely misses you. The skyshark bites you.
The skyshark tastes blood and grows stronger!
The skyshark misses you. The skyshark barely misses you.
The bullfrog hits the plant!
A blink frog comes into view.
The tyrant leech bites you.
The tyrant leech draws strength from your injuries!
The cane toad closely misses you. The cane toad stings you!
The cane toad stings you but does no damage.
The cane toad completely misses you.
The blink frog blinks!
12872 ||| READING 5 scrolls of teleportation.
As you read the scroll of teleportation, it crumbles to dust.
You feel strangely unstable.
You feel very sick.
A nearby plant withers and dies.
The blink frog is no longer moving slowly.
The blink frog blinks!
The bullfrog hits the plant!
The bullfrog hits the plant.
The plant begins to die.
The cane toad completely misses you. The skyshark bites you!
The skyshark enters a blood-rage!
The skyshark tail-slaps you!
You die... ~~P[$}P~~~ ~P!(FP~~## #P(}~~~~~# PyPy~F~~#

#FFF.~~~#~
#lyFF~~~~~
##FFwFF~~~~
#~F@FF~~~~~
##wFl~~~~~~
#~PFF~~~~~~
#P~~P~~~~~~
#P~~~~~~~~~
~~~~~~~~~~F
#~~P~~~~~~~~
.~....~~~P..


You could see a skyshark (berserk), 2 tyrant leeches, a komodo dragon, a goliath
frog, 7 cane toads, 6 blink frogs, 3 vampire mosquitoes and 4 bullfrogs.

Vanquished Creatures
  4 hydras
  A catoblepas (Lair:5)
  Erica (D:9)
  A two-headed ogre (D:10)
  Sonja (D:10)
  Nergalle (Lair:3)
  A skyshark (Lair:3)
  A lindwurm (Lair:2)
  11 elephants
  5 black mambas
  Maggie (D:10)
  A rime drake (Lair:2)
  8 cane toads
  5 komodo dragons
  An unseen horror (D:10)
  2 trolls
  A snapping turtle (Lair:3)
  4 dream sheep (Lair:3)
  23 blink frogs
  22 yaks
  3 wyverns
  3 basilisks
  2 steam dragons
  2 vampire mosquitoes (D:8)
  4 nagas (Lair:2)
  An acid dragon (D:10)
  18 water moccasins
  8 orc warriors
  2 ice beasts
  2 black bears
  An ogre (D:3)
  25 wolves
  3 centaurs
  4 kobold brigands
  12 bullfrogs
  2 gnoll sergeants (D:8)
  A scorpion (D:3)
  17 wights
  16 killer bees
  2 howler monkeys (D:7)
  4 electric eels
  7 hounds
  10 orc priests
  3 gnoll boudas (D:8)
  2 jellies (D:6)
  2 sleepcaps
  Natasha (thrice) (D:3)
  Ijyb (D:3)
  4 iguanas
  16 orc wizards
  Robin (D:3)
  19 gnolls
  6 adders
  A white imp (D:5)
  A worm (D:3)
  4 dart slugs
  49 orcs
  11 endoplasms
  2 giant cockroaches (D:1)
  5 gnoll zombies (Ossuary)
  17 goblins
  10 hobgoblins
  5 jackals
  6 quokkas
  10 ball pythons
  4 bats
  4 frilled lizards
  A goblin skeleton (Ossuary)
  3 goblin zombies (Ossuary)
  4 hobgoblin skeletons (Ossuary)
  19 kobolds
  2 kobold zombies (Ossuary)
  5 orc skeletons (Ossuary)
  3 orc zombies (Ossuary)
  8 rats
  3 rat skeletons (Ossuary)
  3 rat zombies (Ossuary)
481 creatures vanquished.

Notes
Turn   | Place    | Note
-------+----------+-------------------------------------------
     0 | D:1      | qw the Deep Elf Hunter began the quest for the Orb.
     0 | D:1      | Reached XP level 1. HP: 12/12 MP: 3/3
     0 | D:1      | 0 ||| qw: Version: 0.3-a-22-g0ed2b0b
     0 | D:1      | 0 ||| qw: Game counter: 6289
     0 | D:1      | 0 ||| qw: Melee chars always use a shield: true
     0 | D:1      | 0 ||| qw: God list: Okawaru
     0 | D:1      | 0 ||| qw: Allow faded altars: false
     0 | D:1      | 0 ||| qw: Do Orc after clearing Dungeon:15 true
     0 | D:1      | 0 ||| qw: Do second Lair branch before Depths: true
     0 | D:1      | 0 ||| qw: Lair rune preference: random
     0 | D:1      | 0 ||| qw: Goals: Normal
     0 | D:1      | 0 ||| PLANNING D:1-11
    48 | D:1      | You fall into a shaft and drop 1 floor!
   118 | D:2      | Reached skill level 6 in Ranged Weapons
   118 | D:2      | Reached XP level 2. HP: 16/16 MP: 4/4
   417 | D:2      | Reached XP level 3. HP: 20/20 MP: 5/5
   502 | D:2      | 502 ||| UPGRADING to +1 helmet.
   507 | D:2      | 507 ||| UPGRADING to amulet of guardian spirit.
   512 | D:2      | 512 ||| READING 2 scrolls labelled CUIXTU SADEIGO.
   515 | D:2      | 515 ||| READING scroll labelled TAEMPI FEPI.
   516 | D:2      | 516 ||| DRINKING 2 silvery potions.
   517 | D:2      | 517 ||| DROPPING scroll of butterflies.
   989 | D:1      | Reached skill level 7 in Ranged Weapons
  1221 | D:1      | 1221 ||| UPGRADING to +5 ring of evasion.
  1222 | D:1      | 1222 ||| READING 2 scrolls labelled UNENO RO ZIDEV.
  1223 | D:1      | 1223 ||| READING scroll of enchant weapon.
  1223 | D:1      | 1223 ||| ENCHANTING +1 shortbow.
  1224 | D:1      | 1224 ||| READING scroll labelled JEARUQ GIAMA.
  1372 | D:2      | Identified the +0 kite shield of Indemnity {Str+2}
  1579 | D:2      | 1579 ||| READING scroll labelled GAKYGGIAGE.
  1580 | D:2      | 1580 ||| READING 2 scrolls labelled XAACSO HANKIXA.
  1581 | D:2      | 1581 ||| DROPPING scroll of fear.
  1594 | D:3      | Noticed Natasha
  1604 | D:3      | Killed Natasha
  1605 | D:3      | Reached XP level 4. HP: 17/25 MP: 4/6
  1679 | D:3      | Noticed Ijyb
  1680 | D:3      | 1680 ||| FLEEEEING.
  1681 | D:3      | 1681 ||| FLEEEEING.
  1682 | D:3      | 1682 ||| FLEEEEING.
  1683 | D:3      | 1683 ||| FLEEEEING.
  1684 | D:3      | 1684 ||| FLEEEEING.
  1685 | D:3      | 1685 ||| FLEEEEING.
  1686 | D:3      | 1686 ||| FLEEEEING.
  1687 | D:3      | 1687 ||| FLEEEEING.
  1688 | D:3      | 1688 ||| FLEEEEING.
  1689 | D:3      | 1689 ||| FLEEEEING.
  1730 | D:3      | Killed Ijyb
  1731 | D:3      | Reached skill level 8 in Ranged Weapons
  1776 | D:3      | Noticed Natasha
  1782 | D:3      | Killed Natasha
  1783 | D:3      | Reached XP level 5. HP: 29/29 MP: 7/7
  1858 | D:3      | Noticed an ogre
  1864 | D:3      | Killed an ogre
  1865 | D:3      | Reached skill level 9 in Ranged Weapons
  1914 | D:3      | Found a faded altar of an unknown god.
  2024 | D:3      | Noticed Natasha
  2026 | D:3      | 2026 ||| FLEEEEING.
  2030 | D:3      | 2030 ||| FLEEEEING.
  2051 | D:3      | Killed Natasha
  2052 | D:3      | Reached skill level 3 in Dodging
  2098 | D:3      | Found an opulent altar of Gozag.
  2107 | D:3      | Identified the +2 helmet "Keunacre" {rElec Regen+ rCorr
                  | Dex-3}
  2107 | D:3      | Noticed Robin
  2117 | D:3      | Killed Robin
  2118 | D:3      | Reached XP level 6. HP: 28/35 MP: 5/8
  2298 | D:3      | Found a runed translucent door.
  2305 | D:3      | Noticed qw's ghost (amateur DEHu)
  2307 | D:3      | 2307 ||| UPGRADING to +0 scale mail.
  2317 | D:3      | 2317 ||| DROPPING +0 leather armour.
  2318 | D:3      | 2318 ||| UPGRADING to +2 leather armour of cold resistance.
  2328 | D:3      | 2328 ||| UPGRADING to +2 helmet "Keunacre" {rElec Regen+
                  | rCorr Dex-3}.
  2338 | D:3      | 2338 ||| DROPPING +1 helmet.
  2339 | D:3      | 2339 ||| READING 2 scrolls labelled YKAANW FUDYUTS.
  2340 | D:3      | 2340 ||| DROPPING scroll of fog.
  2341 | D:3      | 2341 ||| DROPPING potion of invisibility.
  2359 | D:4      | 2359 ||| PLANNING OSSUARY
  2365 | D:4      | 2365 ||| STAIRDANCE
  2483 | D:4      | Found a sand-covered staircase.
  2484 | D:4      | 2484 ||| READING scroll labelled QUUKOKE RITU.
  2489 | Ossuary  | Entered an ossuary
  2822 | D:4      | 2822 ||| PLANNING D:1-11
  2879 | D:4      | Found a hazy altar of Hepliaklqana.
  2902 | D:4      | Reached skill level 10 in Ranged Weapons
  3166 | D:4      | Found a hide-covered altar of Uskayaw.
  3167 | D:4      | 3167 ||| Stepping ~*~*~tactically~*~*~ (outnumbered).
  3169 | D:4      | 3169 ||| Stepping ~*~*~tactically~*~*~ (outnumbered).
  3171 | D:4      | 3171 ||| Stepping ~*~*~tactically~*~*~ (outnumbered).
  3175 | D:4      | 3175 ||| Stepping ~*~*~tactically~*~*~ (outnumbered).
  3187 | D:4      | Found a stormy altar of Qazlal.
  3222 | D:4      | Reached XP level 7. HP: 40/40 MP: 9/9
  3322 | D:4      | Identified the amulet "Keschymukk" {RegenMP Rampage Fly}
  3518 | D:4      | 3518 ||| DROPPING +0 scale mail.
  3519 | D:4      | 3519 ||| UPGRADING to amulet "Keschymukk" {RegenMP Rampage
                  | Fly}.
  3529 | D:4      | 3529 ||| DROPPING amulet of guardian spirit.
  3544 | D:5      | Entered Level 5 of the Dungeon
  3598 | D:5      | Reached skill level 11 in Ranged Weapons
  3599 | D:5      | Found Cuwyut Detsu's General Store.
  3604 | D:5      | Found Eraliyrph's Magic Scroll Shop.
  3608 | D:5      | 3608 ||| BUYING +0 ring mail of Abstinence {rC- rN+ Will+
                  | Regen+} (138 gold).
  3608 | D:5      | Bought the +0 ring mail of Abstinence {rC- rN+ Will+
                  | Regen+} for 138 gold pieces
  3608 | D:5      | 3608 ||| BUYING potion of might (40 gold).
  3608 | D:5      | Bought a potion of might for 40 gold pieces
  3608 | D:5      | 3608 ||| BUYING scroll of teleportation (30 gold).
  3608 | D:5      | Bought a scroll of teleportation for 30 gold pieces
  3612 | D:5      | 3612 ||| SHOPLISTING 2 scrolls of identify (40 gold, have
                  | 0).
  3612 | D:5      | 3612 ||| SHOPLISTING scroll of enchant armour (75 gold,
                  | have 0).
  3612 | D:5      | 3612 ||| SHOPLISTING scroll of teleportation (30 gold, have
                  | 0).
  3903 | D:5      | Identified the +5 dagger of Hyaxepre {elec, rN++}
  3965 | D:5      | Reached skill level 12 in Ranged Weapons
  4369 | D:5      | 4369 ||| UPGRADING to +0 ring mail of Abstinence {rC- rN+
                  | Will+ Regen+}.
  4379 | D:5      | 4379 ||| DROPPING +0 ring mail.
  4380 | D:5      | 4380 ||| DROPPING +2 leather armour of cold resistance.
  4381 | D:5      | 4381 ||| UPGRADING to +2 ring mail of cold resistance.
  4391 | D:5      | 4391 ||| DROPPING +1 helmet.
  4392 | D:5      | 4392 ||| READING scroll of enchant armour.
  4392 | D:5      | 4392 ||| ENCHANTING +2 ring mail of cold resistance.
  4393 | D:5      | 4393 ||| READING scroll labelled ZATYXU DEUSCHAI.
  4394 | D:5      | 4394 ||| READING scroll labelled BYCRORPH IDALEA.
  4395 | D:5      | 4395 ||| READING scroll labelled FUXORIEPSY.
  4396 | D:5      | 4396 ||| READING scroll labelled MOCETI HAMIMAY.
  4397 | D:5      | 4397 ||| READING scroll labelled CAOFYL RIPNUAPS.
  4398 | D:5      | 4398 ||| READING scroll labelled HITAMU TACERER.
  4398 | D:5      | Identified a scroll of acquirement
  4398 | D:5      | 4398 ||| ACQUIRING +2 orcbow of freezing
  4398 | D:5      | Acquired a +2 orcbow of freezing
  4400 | D:5      | 4400 ||| SWAPPING to +2 orcbow of freezing.
  4401 | D:5      | 4401 ||| DROPPING +2 shortbow of freezing.
  4402 | D:5      | 4402 ||| DRINKING 2 smoky grey potions.
  4403 | D:5      | 4403 ||| DRINKING 3 potions of curing.
  4403 | D:5      | 4403 ||| (to cure confusion)
  4404 | D:5      | 4404 ||| READING 2 scrolls of identify.
  4404 | D:5      | 4404 ||| IDENTIFYING murky silvery potion
  4405 | D:5      | 4405 ||| DROPPING potion of lignification.
  4406 | D:5      | 4406 ||| DROPPING potion of ambrosia.
  4408 | D:5      | 4408 ||| Stepping ~*~*~tactically~*~*~ (cloud).
  4460 | D:6      | Reached XP level 8. HP: 45/45 MP: 10/10
  4495 | D:6      | Reached skill level 1 in Armour
  4505 | D:6      | Identified the +0 mace of the Iron City of Dis {protect,
                  | rC+}
  4522 | D:6      | Reached skill level 3 in Fighting
  4946 | D:6      | Found a staircase to the Ecumenical Temple.
  4947 | D:6      | 4947 ||| PLANNING TEMPLE
  4947 | D:6      | 4947 ||| UPGRADING to +4 ring of protection.
  4956 | Temple   | Entered the Ecumenical Temple
  4990 | Temple   | 4990 ||| PLANNING D:1-11
  5029 | D:6      | Reached skill level 13 in Ranged Weapons
  5448 | D:7      | 5448 ||| Stepping ~*~*~tactically~*~*~ (outnumbered).
  5460 | D:7      | Reached skill level 14 in Ranged Weapons
  5604 | D:7      | Reached XP level 9. HP: 50/50 MP: 11/11
  5628 | D:7      | Reached skill level 15 in Ranged Weapons
  5628 | D:7      | 5628 ||| Stepping ~*~*~tactically~*~*~ (outnumbered).
  5642 | D:7      | 5642 ||| FLEEEEING.
  5657 | D:7      | 5657 ||| FLEEEEING.
  5658 | D:7      | 5658 ||| FLEEEEING.
  5659 | D:7      | 5659 ||| FLEEEEING.
  5660 | D:7      | 5660 ||| FLEEEEING.
  5665 | D:7      | 5665 ||| FLEEEEING.
  5674 | D:7      | 5674 ||| FLEEEEING.
  5675 | D:7      | 5675 ||| FLEEEEING.
  5676 | D:7      | 5676 ||| FLEEEEING.
  5677 | D:7      | 5677 ||| FLEEEEING.
  5678 | D:7      | 5678 ||| FLEEEEING.
  5679 | D:7      | 5679 ||| FLEEEEING.
  5701 | D:7      | 5701 ||| Stepping ~*~*~tactically~*~*~ (outnumbered).
  5724 | D:7      | HP: 13/52 [poisoned by a water moccasin]
  5725 | D:7      | 5725 ||| READING 7 scrolls of teleportation.
  5728 | D:7      | HP: 6/52 [something (1)]
  5733 | D:7      | HP: 4/52 [poisoned by a water moccasin]
  5843 | D:7      | 5843 ||| DRINKING 2 potions of curing.
  5843 | D:7      | 5843 ||| (to cure confusion)
  5886 | D:7      | Found a burning altar of Makhleb.
  5906 | D:7      | Found a glowing silver altar of Zin.
  5906 | D:7      | Noticed an angel
  5906 | D:7      | Noticed an Executioner
  6113 | D:7      | 6113 ||| DRINKING 2 fizzy white potions.
  6149 | D:8      | Reached skill level 16 in Ranged Weapons
  6343 | D:8      | Reached skill level 6 in Dodging
  6421 | D:8      | Found a shadowy altar of Dithmenos.
  6427 | D:8      | Found an iron altar of Okawaru.
  6428 | D:8      | 6428 ||| PLANNING OKAWARU WORSHIP
  6428 | D:8      | 6428 ||| UPGRADING to ring of poison resistance.
  6436 | D:8      | 6436 ||| Stepping ~*~*~tactically~*~*~ (cloud).
  6440 | D:8      | 6440 ||| Stepping ~*~*~tactically~*~*~ (cloud).
  6447 | D:8      | Became a worshipper of Warmaster Okawaru
  6448 | D:8      | 6448 ||| PLANNING D:1-11
  6631 | D:8      | Reached XP level 10. HP: 59/59 MP: 12/12
  6766 | D:8      | 6766 ||| Stepping ~*~*~tactically~*~*~ (outnumbered).
  6767 | D:8      | 6767 ||| Stepping ~*~*~tactically~*~*~ (outnumbered).
  6779 | D:8      | HP: 12/59 [vampire mosquito (4)]
  6780 | D:8      | 6780 ||| READING 6 scrolls of teleportation.
  6781 | D:8      | 6781 ||| DRINKING 3 potions of heal wounds.
  7062 | D:8      | 7062 ||| UPGRADING to +0 pair of gloves.
  7067 | D:8      | 7067 ||| DRINKING 3 golden potions.
  7068 | D:8      | 7068 ||| READING 2 scrolls of identify.
  7068 | D:8      | 7068 ||| IDENTIFYING grey potion
  7122 | D:9      | Reached * piety under Okawaru
  7144 | D:9      | 7144 ||| INVOKING Heroism.
  7193 | D:9      | Reached skill level 6 in Fighting
  7193 | D:9      | Reached skill level 1 in Invocations
  7195 | D:9      | 7195 ||| INVOKING Heroism.
  7210 | D:9      | 7210 ||| INVOKING Heroism.
  7240 | D:9      | 7240 ||| INVOKING Heroism.
  7256 | D:9      | 7256 ||| FLEEEEING.
  7257 | D:9      | 7257 ||| FLEEEEING.
  7263 | D:9      | 7263 ||| FLEEEEING.
  7367 | D:9      | 7367 ||| Stepping ~*~*~tactically~*~*~ (outnumbered).
  7375 | D:9      | Found an ornate altar of the Wu Jian Council.
  7377 | D:9      | Found an ancient bone altar of Kikubaaqudgha.
  7455 | D:9      | Noticed Erica
  7456 | D:9      | 7456 ||| INVOKING Heroism.
  7465 | D:9      | Killed Erica
  7466 | D:9      | Reached skill level 3 in Armour
  7662 | D:9      | 7662 ||| FLEEEEING.
  7663 | D:9      | 7663 ||| FLEEEEING.
  7748 | D:9      | 7748 ||| INVOKING Heroism.
  7757 | D:9      | Found a staircase to the Orcish Mines.
  7759 | D:9      | Reached skill level 3 in Invocations
  7852 | D:9      | 7852 ||| UPGRADING to +2 pair of boots.
  7900 | D:10     | Entered Level 10 of the Dungeon
  7964 | D:10     | Noticed Sonja
  7977 | D:10     | Killed Sonja
  7977 | D:10     | Reached ** piety under Okawaru
  8177 | D:10     | 8177 ||| INVOKING Heroism.
  8185 | D:10     | Reached XP level 11. HP: 55/66 MP: 16/16
  8217 | D:10     | Noticed Maggie
  8224 | D:10     | 8224 ||| INVOKING Heroism.
  8229 | D:10     | HP: 16/67 [killer bee (4)]
  8230 | D:10     | 8230 ||| READING 6 scrolls of teleportation.
  8231 | D:10     | 8231 ||| DRINKING 3 potions of heal wounds.
  8361 | D:10     | 8361 ||| INVOKING Heroism.
  8364 | D:10     | Killed Maggie
  8365 | D:10     | Reached skill level 9 in Dodging
  8397 | D:10     | Found a sacrificial altar of Ru.
  8415 | D:10     | Found a staircase to the Lair.
  8422 | D:10     | 8422 ||| READING scroll labelled DOFOCONLEEDGHO.
  8423 | D:10     | 8423 ||| Stepping randomly (disturbance).
  8571 | D:10     | Noticed a two-headed ogre
  8572 | D:10     | 8572 ||| INVOKING Heroism.
  8578 | D:10     | Killed a two-headed ogre
  8645 | D:10     | 8645 ||| PLANNING LAIR
  8680 | Lair:1   | Entered Level 1 of the Lair of Beasts
  8746 | Lair:1   | 8746 ||| READING scroll of enchant weapon.
  8746 | Lair:1   | 8746 ||| ENCHANTING +2 orcbow of freezing.
  8883 | Lair:1   | 8883 ||| INVOKING Heroism.
  8933 | Lair:1   | 8933 ||| INVOKING Heroism.
  8945 | Lair:1   | Reached *** piety under Okawaru
  9008 | Lair:1   | 9008 ||| INVOKING Heroism.
  9020 | Lair:1   | HP: 14/68 [yak (8)]
  9021 | Lair:1   | 9021 ||| READING 6 scrolls of teleportation.
  9022 | Lair:1   | 9022 ||| DRINKING 2 potions of heal wounds.
  9117 | Lair:1   | 9117 ||| INVOKING Heroism.
  9131 | Lair:1   | Reached **** piety under Okawaru
  9145 | Lair:1   | 9145 ||| INVOKING Heroism.
  9151 | Lair:1   | Reached skill level 9 in Fighting
  9190 | Lair:1   | 9190 ||| INVOKING Heroism.
  9291 | Lair:1   | 9291 ||| INVOKING Heroism.
  9584 | Lair:2   | 9584 ||| STAIRDANCE
  9604 | Lair:2   | 9604 ||| STAIRDANCE
  9636 | Lair:2   | 9636 ||| INVOKING Heroism.
  9649 | Lair:2   | Reached XP level 12. HP: 50/76 MP: 18/18
  9682 | Lair:2   | 9682 ||| INVOKING Heroism.
  9692 | Lair:2   | Reached skill level 6 in Invocations
  9779 | Lair:2   | Noticed a seven-headed hydra
  9780 | Lair:2   | 9780 ||| INVOKING Heroism.
  9793 | Lair:2   | Killed a seven-headed hydra
  9900 | Lair:2   | Reached ***** piety under Okawaru
 10235 | Lair:2   | Noticed a five-headed hydra
 10236 | Lair:2   | 10236 ||| INVOKING Heroism.
 10237 | Lair:2   | 10237 ||| Stepping ~*~*~tactically~*~*~ (outnumbered).
 10240 | Lair:2   | 10240 ||| Stepping ~*~*~tactically~*~*~ (outnumbered).
 10242 | Lair:2   | 10242 ||| Stepping ~*~*~tactically~*~*~ (outnumbered).
 10244 | Lair:2   | 10244 ||| Stepping ~*~*~tactically~*~*~ (outnumbered).
 10250 | Lair:2   | 10250 ||| Stepping ~*~*~tactically~*~*~ (outnumbered).
 10255 | Lair:2   | Killed a five-headed hydra
 10256 | Lair:2   | Reached skill level 12 in Dodging
 10256 | Lair:2   | 10256 ||| Stepping ~*~*~tactically~*~*~ (outnumbered).
 10277 | Lair:2   | Found a staircase to the Snake Pit.
 10291 | Lair:2   | 10291 ||| INVOKING Heroism.
 10461 | Lair:2   | Received a gift from Okawaru
 10600 | Lair:2   | 10600 ||| READING 2 scrolls of identify.
 10600 | Lair:2   | 10600 ||| IDENTIFYING blue potion
 10601 | Lair:2   | 10601 ||| DROPPING potion of brilliance.
 10623 | Lair:3   | Reached skill level 9 in Invocations
 10633 | Lair:3   | 10633 ||| INVOKING Heroism.
 10764 | Lair:3   | Noticed Nergalle
 10765 | Lair:3   | 10765 ||| INVOKING Heroism.
 10775 | Lair:3   | Killed Nergalle
 10861 | Lair:3   | 10861 ||| INVOKING Heroism.
 10906 | Lair:3   | 10906 ||| INVOKING Heroism.
 10951 | Lair:3   | Reached XP level 13. HP: 82/82 MP: 22/22
 10967 | Lair:3   | 10967 ||| INVOKING Heroism.
 10991 | Lair:3   | Received a gift from Okawaru
 10992 | Lair:3   | Reached skill level 6 in Armour
 11245 | Lair:3   | Identified the +11 plate armour "Onem" {rF+ rCorr Dex+3
                  | Slay-2} (Okawaru gifted it to you on level 3 of the Lair of
                  | Beasts)
 11245 | Lair:3   | Received a gift from Okawaru
 11308 | Lair:3   | Found a staircase to the Shoals.
 11323 | Lair:3   | 11323 ||| INVOKING Heroism.
 11391 | Lair:3   | 11391 ||| INVOKING Heroism.
 11754 | Lair:3   | 11754 ||| DRINKING 3 yellow potions.
 11755 | Lair:3   | 11755 ||| READING 3 scrolls of identify.
 11755 | Lair:3   | 11755 ||| IDENTIFYING bubbling clear potion
 11756 | Lair:3   | 11756 ||| READING 2 scrolls of identify.
 11756 | Lair:3   | 11756 ||| IDENTIFYING bubbling sapphire potion
 11757 | Lair:3   | 11757 ||| DROPPING potion of berserk rage.
 11938 | Lair:4   | 11938 ||| INVOKING Heroism.
 11981 | Lair:4   | 11981 ||| INVOKING Heroism.
 12239 | Lair:4   | 12239 ||| INVOKING Heroism.
 12766 | Lair:4   | 12766 ||| DRINKING 2 red potions.
 12767 | Lair:4   | 12767 ||| READING 2 scrolls of identify.
 12767 | Lair:4   | 12767 ||| IDENTIFYING brown potion
 12768 | Lair:4   | 12768 ||| DROPPING potion of attraction.
 12774 | Lair:5   | Entered Level 5 of the Lair of Beasts
 12775 | Lair:5   | 12775 ||| INVOKING Heroism.
 12776 | Lair:5   | 12776 ||| Stepping ~*~*~tactically~*~*~ (cloud).
 12777 | Lair:5   | 12777 ||| INVOKING Finesse.
 12786 | Lair:5   | 12786 ||| Stepping ~*~*~tactically~*~*~ (cloud).
 12852 | Lair:5   | 12852 ||| INVOKING Heroism.
 12855 | Lair:5   | HP: 16/84 [komodo dragon (23)]
 12856 | Lair:5   | 12856 ||| READING 6 scrolls of teleportation.
 12856 | Lair:5   | HP: 3/84 [komodo dragon (5)]
 12857 | Lair:5   | 12857 ||| DRINKING 2 potions of heal wounds.
 12859 | Lair:5   | 12859 ||| DRINKING potion of heal wounds.
 12860 | Lair:5   | Found the +3 greatsling "Punk" {acid, rCorr}
 12871 | Lair:5   | HP: 17/84 [cane toad (11)]
 12872 | Lair:5   | 12872 ||| READING 5 scrolls of teleportation.
 12872 | Lair:5   | HP: 1/84 [skyshark (12)]
 12872 | Lair:5   | Mangled by a skyshark

Levels and vault maps discovered:
D:1:      scummos_arrival_simple_fountains, layout_loops_cross
D:2:      layout_basic
D:3:      layout_basic, mainiacjoe_overflow_chevrons,
          nicolae_ecumenical_pavilion, ebering_ghost_reflecting_pool,
          nicolae_elevator_lobby_plus, uniq_robin, uniq_ijyb, uniq_natasha
D:4:      layout_basic, gammafunk_temple_overflow_pools,
          nicolae_hepliaklqana_hazy_memory, enter_ossuary_2
D:5:      layout_basic, nicolae_wooded_promenade, uniq_crazy_yiuf_cottage
D:6:      layout_cave_pools, minmay_temple_entry_arrows,
          serial_co_window_serial, co_window_cross_1,
          co_window_of_opportunity_a, co_window_corner_a, co_window_paths_b,
          co_window_of_opportunity_a, co_window_broadway_c,
          co_window_broadway_b, co_window_broadway_a, co_window_broadway_a,
          co_window_sun, co_window_4corner_b, glass_columns_b, glass_columns_a
D:7:      layout_basic, grunt_temple_overflow_order_and_chaos_2
D:8:      layout_cave_pools, grunt_temple_overflow_open, serial_gnoll_camp,
          gnoll_camp_medium_01, gnoll_camp_mini_loothouse,
          gnoll_camp_mini_basic, gnoll_camp_mini_basic
D:9:      layout_long_grid, jmf_multi_god_temple, erik_orc_2, uniq_erica
D:10:     layout_rooms, nicolae_ru_great_annihilating_truth, lair_entry_dummy,
          uniq_maggie, uniq_sonja
Temple:   hellmonk_temple_of_storms
Lair:1:   layout_regular_city, infiniplex_staircase_pool_2
Lair:2:   layout_gridlike, minmay_snake_entry_guardpost_small,
          nicolae_quartered_pool_super, chequers_serial_rivers_small_3,
          grunt_megastairs_3, infiniplex_staircase_pool
Lair:3:   layout_cave_pods, minmay_shoals_entry_hut, uniq_nergalle
Lair:4:   layout_cave_pods
Lair:5:   minmay_lair_end_frog_pond, layout_cave_shapes, slime_entry_2

Skill      XL: |  1  2  3  4  5  6  7  8  9 10 11 12 13 |
---------------+----------------------------------------+-----
Ranged Weapons | 6 7 8 9 10 12 14 16 | 16.0
Dodging        | 3 4 6 8 11 12 13 | 13.6
Fighting       | 2 3 5 6 9 10 11 | 11.0
Armour         | 1 2 3 4 5 6 |  6.0
Invocations    | 4 5 10 | 10.0
Stealth        | |  1.2

Action                     |  1- 3 |  4- 6 |  7- 9 | 10-12 | 13-15 || total
---------------------------+-------+-------+-------+-------+-------++-------
   Fire: Shortbow          |   104 |   267 |   124 |       |       ||   495
         Orcbow            |       |       |   332 |   881 |   300 ||  1513
 Invoke: Heroism           |       |       |       |    26 |     8 ||    34
         Finesse           |       |       |       |       |     1 ||     1
    Use: Scroll            |     7 |     2 |     9 |     7 |     5 ||    30
         Potion            |     1 |       |     4 |     4 |     4 ||    13
 Armour: Leather armour    |     6 |    19 |    14 |       |       ||    39
         Ring mail         |       |       |    61 |   205 |    84 ||   350
  Dodge: Dodged            |    11 |    88 |   200 |   651 |   298 ||  1248

Table legend:
 A = Non-vault XP
 B = Vault XP
 C = Vault XP percentage of total XP
 D = Non-vault monster count
 E = Vault monster count
 F = Vault count percentage of total count
                 A         B        C        D         E       F
            +---------+---------+-------+---------+---------+-------
      Total |   45377 |    6934 |  13.3 |     374 |     107 |  22.2
            +---------+---------+-------+---------+---------+-------
        D:1 |      36 |       0 |   0.0 |      23 |       0 |   0.0
        D:2 |      46 |       0 |   0.0 |      20 |       0 |   0.0
        D:3 |     297 |     108 |  26.7 |      19 |      13 |  40.6
        D:4 |     267 |       0 |   0.0 |      26 |       0 |   0.0
        D:5 |     614 |       0 |   0.0 |      26 |       0 |   0.0
        D:6 |     612 |       0 |   0.0 |      16 |       0 |   0.0
        D:7 |    2203 |       0 |   0.0 |      42 |       0 |   0.0
        D:8 |    1415 |     643 |  31.2 |      24 |      21 |  46.7
        D:9 |    1770 |    1754 |  49.8 |      27 |      24 |  47.1
       D:10 |    2280 |    1216 |  34.8 |      16 |       6 |  27.3
     Lair:1 |    6909 |     970 |  12.3 |      29 |       5 |  14.7
     Lair:2 |    9557 |    1164 |  10.9 |      36 |       7 |  16.3
     Lair:3 |   10731 |    1047 |   8.9 |      35 |       2 |   5.4
     Lair:4 |    6232 |       0 |   0.0 |      28 |       0 |   0.0
     Lair:5 |    2408 |       0 |   0.0 |       7 |       0 |   0.0
    Ossuary |       0 |      32 | 100.0 |       0 |      29 | 100.0
            +---------+---------+-------+---------+---------+-------
